General information
- name: Local Game (DJOrwell)
- type: Custom game
- host: DJOrwell
- saver:
map: TurtleRock
- players: 3
- length: 09:24
- speed: Fast
- version: 1.26 W3XP
- replay type: Public
» download(47 KB)
Players
team 1 (winner)
DJOrwell (
red | 58 APM | 547 actions | 09:24)
2 Death Knight
1 Death Coil
1 Unholy Aura
» actions
| Assign group hotkey | 12 | |
| Build / train | 32 | |
| Enter build submenu | 18 | |
| Enter hero's abilities submenu | 2 | |
| Remove unit from queue | 1 | |
| Right click | 281 | |
| Select / deselect | 155 | |
| Select group hotkey | 28 | |
| Use ability | 18 | |
547 total
» units
| Acolyte | 3 | |
| Ghoul | 12 | |
| Crypt Fiend | 3 | |
18 total
» upgrades
| Unholy Strength | 1 | |
| Creature Attack | 1 | |
| Unholy Armor | 1 | |
3 total
» buildings
| Crypt | 1 | |
| Ziggurat | 6 | |
| Altar of Darkness | 1 | |
| Nerubian Tower | 1 | |
| Graveyard | 2 | |
| Spirit Tower | 5 | |
| Tomb of Relics | 1 | |
| Halls of the Dead | 1 | |
18 total
» build order
00:11 Crypt
00:15 Ziggurat
00:22 Altar of Darkness
01:09 Nerubian Tower
01:36 Ziggurat
02:05 Ziggurat
02:45 Graveyard
02:48 Graveyard
02:56 Ziggurat
04:15 Spirit Tower
04:15 Spirit Tower
04:19 Spirit Tower
05:14 Tomb of Relics
05:24 Ziggurat
05:34 Ziggurat
07:58 Halls of the Dead
08:25 Spirit Tower
08:25 Spirit Tower
team 2 (loser)
DamThatRiver (
blue | 85 APM | 796 actions | 09:24)
4 Archmage
2 Summon Water Elemental
2 Brilliance Aura
1 Mountain King
1 Storm Bolt
» actions
| Assign group hotkey | 20 | |
| Basic commands | 22 | |
| Build / train | 40 | |
| Enter build submenu | 12 | |
| Enter hero's abilities submenu | 5 | |
| Give item / drop item | 1 | |
| Right click | 351 | |
| Select / deselect | 134 | |
| Select group hotkey | 175 | |
| Use ability | 36 | |
796 total
» units
| Peasant | 8 | |
| Footman | 8 | |
| Rifleman | 3 | |
| Mortar Team | 2 | |
21 total
» upgrades
» buildings
| Altar of Kings | 1 | |
| Farm | 7 | |
| Barracks | 1 | |
| Keep | 1 | |
| Blacksmith | 1 | |
| Arcane Vault | 1 | |
| Workshop | 1 | |
| Arcane Tower | 1 | |
14 total
» build order
00:03 Altar of Kings
00:20 Farm
00:36 Barracks
00:51 Farm
02:50 Farm
03:24 Keep
03:29 Farm
03:47 Farm
04:01 Blacksmith
04:54 Farm
05:55 Arcane Vault
06:16 Workshop
07:07 Farm
09:14 Arcane Tower
» items
| Boots of Speed | 1 | |
| Scroll of Regeneration | 1 | |
| Ivory Tower | 4 | |
| Potion of Healing | 1 | |
7 total
observersHAL9001 Chat log
(01:23 / All) DamThatRiver: FUCKING TURTLES
(01:24 / All) DamThatRiver: LOL
(01:37 / All) DamThatRiver: my militia
(01:38 / All) DamThatRiver: :(
(01:49 / All) DJOrwell: you should apologize for playing that race
(01:58 / All) DamThatRiver: NEVER
(02:00 / All) DamThatRiver: FUCK U IDRA
(08:12 / All) DJOrwell: thinking I should only have three ghouls on lumber, not four
(08:18 / All) DamThatRiver: yeah usually
(08:20 / All) DamThatRiver: depends
(09:09 / All) DJOrwell: WAAAAAAAAAAAAAAAAAAAAAAAAAAUGH
(09:13 / All) DJOrwell: GG
(09:18 / All) DamThatRiver: gg